AoeStats
← Gewinner2punkt0

Arabia

510153218Analyzed
3v3 RM · 2d ago on Sep 29, 2026· 68m 9s· 6 players
Game mode
Random Map
Map size
Normal (6 player)
Population
200
Speed
Normal
Resources
Standard
Victory
Conquest
Starting age
Dark Age
Ending age
Imperial Age
RankedLock teamsTeams togetherTeam positionsShared explorationLock speedFull tech treeHidden civsTurbo modeCheats
Victory
Defeat
🇺🇸 Burgundians · United States
980
+15
🇨🇱 Franks · Chile
962
+44
🇺🇸 Danes · United States
921
+17
🇦🇹 Romans · Austria
973
-17
🇩🇪 Ethiopians · Germany
967
-16
🇦🇹 Wu · Austria
904
-14
shabolobodingdong
10:47 Feudal Age
18:22 Castle Age
21:10 Stone Mining
21:11 Double-Bit Axe
23:13 Gambesons
23:29 Squires
23:14 Arson
23:34 Scale Mail Armor
23:46 Forging
31:46 Imperial Age
42:16 Pikeman
43:58 Bow Saw
43:43 Halberdier
46:42 Horse Collar
48:01 Hamask
49:04 Conscription
48:11 Elite Jomsviking
48:49 Hamask
51:17 Conscription
51:27 Loom
52:21 Wheelbarrow
54:28 Onager
55:46 Siege Onager
61:19 Northmen's Fury
62:34 Capped Ram
65:58 Siege Ram
Temurah
5:01 Double-Bit Axe
11:36 Feudal Age
9:55 Loom
15:56 Castle Age
14:50 Horse Collar
15:26 Gold Mining
16:48 Scale Barding Armor
16:57 Bow Saw
22:34 Heavy Plow
24:13 Cavalier
29:54 Fletching
31:32 Wheelbarrow
32:12 Padded Archer Armor
33:14 Husbandry
35:38 Stone Mining
38:20 Bodkin Arrow
43:10 Imperial Age
42:12 Hand Cart
45:00 Burgundian Vineyards
45:31 Ballistics
46:12 Chemistry
44:39 Pikeman
45:22 Squires
46:12 Halberdier
51:15 Gold Shaft Mining
51:16 Stone Shaft Mining
50:46 Onager
53:40 Elite Skirmisher
56:44 Paladin
57:45 Scale Mail Armor
57:56 Forging
58:08 Chain Barding Armor
61:09 Light Cavalry
62:15 Chain Mail Armor
63:59 Plate Mail Armor
64:32 Two-Man Saw
64:47 Plate Barding Armor
64:36 Caravan
65:10 Coinage
65:32 Arson
cHeck
11:52 Feudal Age
16:54 Double-Bit Axe
19:03 Loom
21:28 Wheelbarrow
25:13 Castle Age
24:50 Gold Mining
27:50 Forging
30:22 Iron Casting
32:01 Hand Cart
31:54 Scale Barding Armor
34:03 Stone Mining
36:40 Gold Shaft Mining
43:27 Imperial Age
42:38 Chain Barding Armor
44:09 Cavalier
44:53 Husbandry
46:24 Paladin
46:48 Crossbowman
50:42 Blast Furnace
52:53 Plate Barding Armor
57:14 Light Cavalry
63:33 Elite Throwing Axeman
64:19 Scale Mail Armor
Gewinner2punkt0
12:24 Feudal Age
10:41 Loom
15:52 Castle Age
14:57 Horse Collar
15:04 Double-Bit Axe
18:37 Bow Saw
18:29 Heavy Plow
21:44 Wheelbarrow
22:31 Forging
22:22 Scale Mail Armor
24:05 Pikeman
25:51 Hand Cart
29:20 Iron Casting
32:02 Imperial Age
31:19 Ballistics
33:24 Heavy Scorpion
34:56 Halberdier
36:55 Crop Rotation
40:42 Chain Mail Armor
41:28 Blast Furnace
41:03 Town Watch
49:13 Chemistry
48:20 Siege Engineers
57:46 Gold Mining
57:49 Stone Mining
62:06 Scale Barding Armor
64:11 Light Cavalry
65:02 Bloodlines
64:53 Husbandry
babeltube
6:50 Loom
12:56 Feudal Age
15:54 Double-Bit Axe
15:54 Horse Collar
20:34 Castle Age
18:44 Stone Mining
19:39 Scale Mail Armor
20:49 Scale Barding Armor
25:13 Squires
30:03 Bow Saw
31:58 Chain Mail Armor
32:39 Guard Tower
34:11 Husbandry
36:26 Light Cavalry
37:23 Forging
38:20 Bloodlines
45:00 Pikeman
47:51 Elite Skirmisher
50:18 Iron Casting
49:44 Padded Archer Armor
49:35 Fletching
50:06 Chain Barding Armor
56:23 Imperial Age
56:45 Heavy Hei Guang Cavalry
65:06 Hussar
66:51 Blast Furnace
66:27 Plate Barding Armor
65:49 Bodkin Arrow
ExpertZebra1000
10:49 Feudal Age
9:41 Loom
11:29 Double-Bit Axe
16:11 Fletching
19:11 Horse Collar
19:59 Padded Archer Armor
29:13 Castle Age
30:12 Thumb Ring
29:27 Crossbowman
30:22 Elite Skirmisher
31:24 Heavy Plow
31:36 Bow Saw
Connection lost

Rejoining the realm…

Still unreachable

The connection could not be restored.

Session expired

The server has moved on; the page needs a fresh start.